 Dungeon Crawl Stone Soup version 0.25-a0-663-gace7076f2c (webtiles) character file.

Game seed: 16151932394407908814, levelgen mode: deterministic

5352 ipx the Slicer (level 10, -1/90 HPs)
             Began as a Gargoyle Arcane Marksman on Mar 24, 2020.
             Was a Follower of Makhleb.
             Slain by a slime creature (8 damage)
             ... on level 10 of the Dungeon.
             The game lasted 01:05:00 (4406 turns).

ipx the Slicer (Gargoyle Arcane Marksman)           Turns: 4406, Time: 01:05:00

Health: -1/90      AC: 20    Str: 15    XL:     10   Next: 65%
Magic:  14/14      EV: 11    Int: 14    God:    Makhleb [*.....]
Gold:   227        SH:  0    Dex: 12    Spells: 7/11 levels left

rFire    . . .     SeeInvis .   a - +2 short sword (venom)
rCold    . . .     Gourm    .   (no shield)
rNeg     + + .     Faith    .   G - +0 troll leather armour
rPois    ∞         Spirit   .   (no helmet)
rElec    +         Reflect  .   u - +0 cloak
rCorr    .         Harm     .   z - +0 pair of gloves
MR       .....                  v - +1 pair of boots
Stlth    ..........             R - amulet of rage
HPRegen  0.65/turn              e - ring of positive energy
MPRegen  0.14/turn              p - +4 ring of protection

@: berserking, studying Short Blades, very quick
A: negative energy resistance 1, electricity resistance, unbreathing,
petrification resistance, rot immunity, AC +7
a: Renounce Religion, Evoke Berserk Rage


You were on level 10 of the Dungeon.
You worshipped Makhleb.
Makhleb was aware of your devotion.
You were very hungry.

You visited 2 branches of the dungeon, and saw 11 of its levels.
You also visited: Sewer and Bailey.

You collected 361 gold pieces.
You spent 134 gold pieces at shops.

Inventory:

Hand Weapons
 a - a +2 short sword of venom (weapon)
 b - a +3 battleaxe
Missiles
 s - 8 poisoned darts (quivered)
 E - 2 javelins
Armour
 n - a +0 ring mail
 u - a +0 cloak (worn)
 v - a +1 pair of boots (worn)
 z - a +0 pair of gloves (worn)
 B - a +0 buckler
 G - a +0 troll leather armour (worn)
Magical Staves
 l - an uncursed staff of energy
 y - an uncursed staff of fire
Jewellery
 e - a ring of positive energy (left hand)
 p - a +4 ring of protection (right hand)
 R - an amulet of rage (around neck)
Scrolls
 g - 2 scrolls of enchant weapon
 i - a scroll of amnesia
 k - 6 scrolls of remove curse
 m - 4 scrolls of enchant armour
 t - 4 scrolls of teleportation
 D - a scroll of immolation
 F - a scroll of blinking {unknown}
Potions
 c - 2 potions of magic
 h - a potion of lignification {unknown}
 j - a potion of might {unknown}
 o - 3 potions of heal wounds
 q - 4 potions of flight
 r - a potion of stabbing
 x - 2 potions of haste
 A - a potion of resistance {unknown}
 C - 3 potions of curing
Books
 d - a manual of Short Blades
Comestibles
 f - 4 rations
 w - a chunk of flesh


   Skills:
 - Level 6.0 Fighting
 + Level 9.1 Short Blades
 * Level 5.3 Axes
 - Level 3.0 Throwing
 + Level 5.0 Armour
 - Level 1.5 Dodging
 - Level 1.0 Spellcasting
 - Level 4.0 Hexes
 + Level 1.4 Translocations
 - Level 6.0 Evocations


You had 7 spell levels left.
You knew the following spells:

 Your Spells              Type           Power        Failure   Level  Hunger
a - Apportation           Tloc           #.....       17%         1    ##.....
c - Corona                Hex            ##.....      6%          1    ##.....
w - Passwall              Tmut/Erth      #.......     43%         2    ###....

Your spell library contained the following spells:

 Spells                   Type           Power        Failure   Level  Hunger
 Slow                     Hex            ##......     9%          2    ###....
 Animate Skeleton         Necr           N/A          30%         1    ##.....
 Sandblast                Erth           #.....       30%         1    ##.....
 Summon Small Mammal      Summ           #...         30%         1    ##.....
 Portal Projectile        Hex/Tloc       #.....       30%         3    ####...
 Inner Flame              Hex/Fire       #.......     38%         3    ####...
 Cause Fear               Hex            ##........   52%         4    #####..
 Stone Arrow              Conj/Erth      #.....       67%         3    ####...
 Leda's Liquefaction      Hex/Erth       #.........   80%         4    #####..
 Petrify                  Tmut/Erth      #.......     97%         4    #####..
 Lee's Rapid Deconstruct  Erth           #.........   100%        5    ######.


Dungeon Overview and Level Annotations

Branches:
Dungeon (10/15)            Temple (1/1) D:7           Sewer (visited)
 Bailey (visited)
   Lair: D:8-11         Orc: D:9-12

Altars:
Ashenzari
Cheibriados
Dithmenos
Elyvilon
Fedhas
Gozag
Hepliaklqana
Kikubaaqudgha
Makhleb
Nemelex Xobeh
Okawaru
Qazlal
Ru
Sif Muna
Trog
Uskayaw
Vehumet
Xom
Yredelemnul
Zin
The Shining One

Shops:
D:7 **   D:8 !


Innate Abilities, Weirdness & Mutations

You are resistant to torment.
Your stone body is resilient. (AC +7)
You are immune to poison.
You resist negative energy. (rN+)
You are resistant to electric shocks. (rElec)
You can survive without breathing.
You are immune to petrification.
You are immune to rotting.


Message History

You puncture the slime creature!
The slime creature is lightly wounded.
You barely miss the slime creature.
The slime creature is lightly wounded.
The slime creature hits you!
* * * LOW HITPOINT WARNING * * *
You puncture the slime creature!
The slime creature is moderately wounded.
You puncture the slime creature!
The slime creature is heavily wounded.
You barely miss the slime creature.
The slime creature is heavily wounded.
The slime creature hits you!
* * * LOW HITPOINT WARNING * * *
You hit the slime creature.
The slime creature is severely wounded.
You puncture the slime creature!
The slime creature is severely wounded.
The slime creature hits you!
You die...

#+# #.# ###+######
#####.### #........#
#.......# #........'
#....<..# #........#
#.......# +........#
#...J@..# #........#
#.......# ..#........#
#...<...#..##........#
#..†......# ####'#####
#.......### #.##
####.#### #..# #..##
##.### ##..# #...#
######'#### #####'##


You could see a slime creature.

Vanquished Creatures
  A tengu conjurer (D:7)
  A troll (D:10)
  Prince Ribbit (D:6)
  A slime creature (D:10)
  3 hippogriffs
  Sigmund (D:5)
  A wyvern (D:7)
  A yak (D:9)
  Duvessa (D:5)
  2 ice beasts
  2 phantoms
  A sky beast (D:10)
  4 ogres
  3 centaurs (D:5)
  10 bullfrogs
  Dowan (D:5)
  A water moccasin skeleton (D:4)
  4 wights (D:6)
  5 howler monkeys
  4 crimson imps
  2 quasits (D:7)
  Crazy Yiuf (D:2)
  4 hounds
  4 orc wizards
  A bullfrog skeleton (D:5)
  An orc priest (D:9)
  2 centaur skeletons (D:10)
  3 iguanas
  6 worker ants
  A hound skeleton (D:4)
  A howler monkey zombie (D:5)
  3 adders
  6 gnolls
  9 oozes
  3 adder skeletons
  6 worms
  A dart slug (D:3)
  7 leopard geckos
  20 orcs
  4 ball pythons
  11 bats
  5 giant cockroaches
  7 goblins
  11 hobgoblins
  3 jackals (D:2)
  5 quokkas
  7 frilled lizards
  6 kobolds
  A leopard gecko zombie (D:5)
  A quokka skeleton (D:6)
  3 rats
193 creatures vanquished.

Vanquished Creatures (others)
  5 plants (D:9)
5 creatures vanquished.

Grand Total: 198 creatures vanquished

Notes
Turn   | Place    | Note
-------+----------+-------------------------------------------
     0 | D:1      | ipx the Gargoyle Arcane Marksman began the quest for the
                  | Orb.
     0 | D:1      | Reached XP level 1. HP: 12/12 MP: 2/2
    22 | D:1      | Reached XP level 2. HP: 16/16 MP: 0/3
    26 | D:1      | Learned a level 2 spell: Slow
   174 | D:1      | Reached XP level 3. HP: 20/20 MP: 4/4
   328 | D:2      | Reached skill level 1 in Short Blades
   398 | D:2      | Found a runed translucent door.
   399 | D:2      | Noticed Crazy Yiuf
   403 | D:2      | Paralysed by Crazy Yiuf for 2 turns
   406 | D:2      | Killed Crazy Yiuf
   406 | D:2      | Reached skill level 1 in Evocations
   406 | D:2      | Reached XP level 4. HP: 20/25 MP: 5/5
   741 | D:3      | Reached XP level 5. HP: 29/29 MP: 4/6
   762 | D:3      | Reached skill level 2 in Short Blades
   795 | D:3      | Found a shimmering altar of Xom.
   840 | D:3      | Found a glowing drain.
   873 | Sewer    | Entered a sewer
  1344 | D:4      | Noticed an ogre
  1364 | D:4      | Killed an ogre
  1364 | D:4      | Reached skill level 3 in Short Blades
  1364 | D:4      | Reached XP level 6. HP: 32/34 MP: 7/7
  1651 | D:5      | Entered Level 5 of the Dungeon
  1708 | D:5      | Reached skill level 4 in Short Blades
  1708 | D:5      | Reached XP level 7. HP: 38/38 MP: 7/9
  1850 | D:5      | Noticed Dowan
  1850 | D:5      | Noticed Duvessa
  1898 | D:5      | Reached skill level 5 in Short Blades
  1912 | D:5      | Reached XP level 8. HP: 14/43 MP: 10/10
  1929 | D:5      | Noticed Sigmund
  1951 | D:5      | Killed Sigmund
  1951 | D:5      | Reached skill level 6 in Short Blades
  2151 | D:5      | Killed Duvessa
  2174 | D:5      | Killed Dowan
  2271 | D:6      | Reached skill level 5 in Evocations
  2550 | D:7      | Reached XP level 9. HP: 52/52 MP: 12/12
  2560 | D:7      | Found Tumaot's Assorted Antiques.
  2580 | D:7      | Bought a pair of gloves for 121 gold pieces
  2635 | D:6      | Reached skill level 5 in Fighting
  2679 | D:6      | Noticed Prince Ribbit
  2695 | D:6      | Killed Prince Ribbit
  2695 | D:6      | Reached skill level 7 in Short Blades
  2924 | D:6      | Reached skill level 1 in Armour
  2974 | D:6      | Learned a level 2 spell: Passwall
  3046 | D:7      | Found Iqoru's Assorted Antiques.
  3069 | D:7      | Noticed a tengu conjurer
  3192 | D:7      | Killed a tengu conjurer
  3192 | D:7      | Reached skill level 1 in Axes
  3300 | D:7      | Found a staircase to the Ecumenical Temple.
  3305 | Temple   | Entered the Ecumenical Temple
  3341 | Temple   | Became a worshipper of Makhleb the Destroyer
  3403 | D:8      | Found Guatsica's Distillery.
  3481 | D:8      | Reached XP level 10. HP: 55/60 MP: 14/14
  3535 | D:8      | Bought a potion of degeneration for 13 gold pieces
  3570 | D:8      | Reached skill level 8 in Short Blades
  3945 | D:9      | Reached * piety under Makhleb
  3995 | D:10     | Entered Level 10 of the Dungeon
  4080 | D:10     | Learned a level 1 spell: Apportation
  4176 | D:10     | Found a flagged portal.
  4198 | Bailey   | Entered a bailey
  4224 | D:10     | Reached skill level 5 in Axes
  4310 | D:10     | Reached skill level 9 in Short Blades
  4310 | D:10     | Reached skill level 1 in Translocations
  4399 | D:10     | Reached skill level 5 in Armour
  4406 | D:10     | Slain by a slime creature

Levels and vault maps discovered:
D:1:      dpeg_arrival_tiny_a, layout_rooms, amethyst_killhole
D:2:      layout_loops_ring, uniq_crazy_yiuf_cottage
D:3:      layout_basic, lemuel_doored_altar, cheibrodos_sewer_entry_bend,
          corexii_shack, minmay_misc_feat_cross, hangedman_decor_riveting,
          xom_teletrap_fun
D:4:      layout_basic
D:5:      layout_rooms, first_ration, minmay_liquid_box, st_stairs_13,
          patterned_corridor, uniq_duvessa, uniq_sigmund
D:6:      layout_loops_corners, uniq_prince_ribbit1
D:7:      layout_basic, minmay_temple_entry_butterflies,
          ebering_ghost_disaster_area, serial_shops, shop,
          nicolae_shop_waterfront, nicolae_shop_statue_plus, shop,
          nicolae_shop_statue_plus, st_stairs_8, minmay_manual_mandibuliform
D:8:      layout_rooms, serial_shops, shop, minmay_increasing_density
D:9:      kennysheep_town
D:10:     layout_roguey, enter_bailey_7
Temple:   nicolae_temple_the_god_donut

Skill      XL: |  1  2  3  4  5  6  7  8  9 10 |
---------------+-------------------------------+-----
Throwing       | 2 3 |  3.0
Hexes          | 3 4 |  4.0
Short Blades   | 1 3 4 5 6 7 9 |  9.1
Evocations     | 1 2 3 5 6 |  6.0
Fighting       | 4 6 |  6.0
Armour         | 3 5 |  5.0
Axes           | 3 5 |  5.3
Translocations | 1 |  1.4
Dodging        | |  1.5
Spellcasting   | |  1.0

Action                   |  1- 3 |  4- 6 |  7- 9 | 10-12 || total
-------------------------+-------+-------+-------+-------++-------
Melee: Short sword       |    32 |   187 |   307 |   193 ||   719
       Trident           |       |       |     6 |       ||     6
       Battleaxe         |       |       |    21 |    22 ||    43
Throw: Javelin           |    25 |       |     9 |     2 ||    36
       Throwing net      |     1 |       |     5 |       ||     6
       Dart              |       |    28 |    38 |    12 ||    78
 Cast: Corona            |    15 |    29 |    27 |     4 ||    75
       Slow              |       |     1 |       |       ||     1
       Apportation       |       |       |       |     1 ||     1
 Abil: Evoke Berserk Rag |     1 |     1 |     3 |     1 ||     6
  Use: Scroll            |       |     7 |     4 |     1 ||    12
       Potion            |       |     1 |     5 |       ||     6
 Stab: Held in net/web   |     1 |       |       |       ||     1
  Eat: Chunk             |       |     6 |     9 |     2 ||    17
       Ration            |       |       |     1 |       ||     1
Armor: Robe              |    10 |       |       |       ||    10
       Ring mail         |     1 |    96 |   169 |   101 ||   367
       Troll leather arm |       |       |       |     2 ||     2
Dodge: Dodged            |    31 |   115 |   145 |    89 ||   380

Table legend:
 A = Non-vault XP
 B = Vault XP
 C = Vault XP percentage of total XP
 D = Non-vault monster count
 E = Vault monster count
 F = Vault count percentage of total count
                 A         B        C        D         E       F
            +---------+---------+-------+---------+---------+-------
      Total |    5506 |    2140 |  28.0 |     150 |      43 |  22.3
            +---------+---------+-------+---------+---------+-------
        D:1 |      68 |       0 |   0.0 |      25 |       0 |   0.0
        D:2 |      40 |      42 |  51.2 |      21 |       1 |   4.5
        D:3 |      85 |       7 |   7.6 |      16 |       2 |  11.1
        D:4 |     252 |       0 |   0.0 |       9 |       0 |   0.0
        D:5 |     874 |     584 |  40.1 |      25 |       4 |  13.8
        D:6 |     834 |     274 |  24.7 |      17 |       1 |   5.6
        D:7 |     766 |     506 |  39.8 |       8 |       5 |  38.5
        D:8 |     772 |      68 |   8.1 |       7 |       4 |  36.4
        D:9 |      91 |     564 |  86.1 |       7 |       5 |  41.7
       D:10 |    1724 |      32 |   1.8 |      15 |       4 |  21.1
      Sewer |       0 |      63 | 100.0 |       0 |      17 | 100.0
            +---------+---------+-------+---------+---------+-------
